% Time on Ice - BANFF WOLVES
Lines # - Real PCT - Wanted PCT - Time Play
Normal Forward
1 - 30% - 30% - 15:28
2 - 31% - 30% - 15:50
3 - 29% - 28% - 14:40
4 - 10% - 12% - 5:20
Normal Defense
1 - 35% - 37% - 17:49
2 - 32% - 31% - 16:31
3 - 31% - 27% - 16:04
4 - 2% - 5% - 0:54
PP Forward
1 - 66% - 55% - 2:36
2 - 34% - 45% - 1:22
PP Defense
1 - 46% - 55% - 1:50
2 - 54% - 45% - 2:08
PK Forward
1 - 61% - 55% - 2:26
2 - 39% - 45% - 1:32
PK Defense
1 - 91% - 55% - 3:36
2 - 9% - 45% - 0:22
PK3 Forward
1 - 0% - 55%
2 - 0% - 45%
PK3 Defense
1 - 0% - 55%
2 - 0% - 45%
44 Forward
1 - 0% - 55%
2 - 0% - 45%
44 Defense
1 - 0% - 55%
2 - 0% - 45%
Last Minute Offensive  - 0:00
Last Minute Defensive  - 0:46
Total
Forward - 60:00
Defense - 60:00
% Time on Ice - ANAHEIM OUTLAWS
Lines # - Real PCT - Wanted PCT - Time Play
Normal Forward
1 - 35% - 36% - 18:07
2 - 31% - 31% - 15:41
3 - 24% - 23% - 12:22
4 - 10% - 10% - 5:08
Normal Defense
1 - 34% - 36% - 17:41
2 - 31% - 31% - 15:57
3 - 30% - 23% - 15:18
4 - 5% - 10% - 2:22
PP Forward
1 - 42% - 55% - 1:41
2 - 58% - 45% - 2:17
PP Defense
1 - 39% - 55% - 1:32
2 - 61% - 45% - 2:26
PK Forward
1 - 63% - 55% - 2:30
2 - 37% - 45% - 1:28
PK Defense
1 - 47% - 55% - 1:51
2 - 53% - 45% - 2:07
PK3 Forward
1 - 0% - 55%
2 - 0% - 45%
PK3 Defense
1 - 0% - 55%
2 - 0% - 45%
44 Forward
1 - 0% - 55%
2 - 0% - 45%
44 Defense
1 - 0% - 55%
2 - 0% - 45%
Last Minute Offensive  - 0:46
Last Minute Defensive  - 0:00
Total
Forward - 60:00
Defense - 60:00
Play-by-Play 1st period 0:01 of 1st period - Nazem Kadri wins face-off versus Evgeny Kuznetsov in neutral zone. 0:22 of 1st period - Mathew Dumba is hit by Sam Bennett and loses puck. 0:35 of 1st period - Shot by Sam Bennett. 0:35 of 1st period - Stopped by Ilya Samsonov without a rebound. 0:36 of 1st period - Jordan Staal wins face-off versus Jack Eichel in BANFF WOLVES zone. 2:05 of 1st period - Pius Suter is hit by Philippe Myers and loses puck. 2:13 of 1st period - Jake DeBrusk is hit by Brandon Carlo and loses puck. 2:38 of 1st period - Icing by Craig Smith. 2:39 of 1st period - Nick Cousins wins face-off versus Jeff Skinner in BANFF WOLVES zone. 2:39 of 1st period - Nick Cousins is hit by Jeff Skinner. 2:40 of 1st period - Minor Penalty to Rocco Grimaldi for Cross-checking. 2:41 of 1st period - Jordan Staal wins face-off versus Jack Eichel in ANAHEIM OUTLAWS zone. 2:54 of 1st period - Shot by Alex Tuch. 2:54 of 1st period - Shot Misses the Net. 3:08 of 1st period - Shot by Brady Tkachuk. 3:08 of 1st period - Stopped by Robin Lehner without a rebound. 3:09 of 1st period - Jordan Staal wins face-off versus Nazem Kadri in ANAHEIM OUTLAWS zone. 3:28 of 1st period - Shot by Nazem Kadri. 3:28 of 1st period - Shot Blocked by Noah Hanifin. 3:30 of 1st period - Shot by Craig Smith. 3:30 of 1st period - Shot Blocked by Noah Hanifin. 4:54 of 1st period - Shot by Logan O'Connor. 4:54 of 1st period - Stopped by Robin Lehner without a rebound. 4:55 of 1st period - Jordan Staal wins face-off versus Tanner Kero in ANAHEIM OUTLAWS zone. 5:52 of 1st period - Shot by Jake DeBrusk. 5:52 of 1st period - Shot Misses the Net. 6:50 of 1st period - Shot by Brady Tkachuk. 6:50 of 1st period - Shot Misses the Net. 6:52 of 1st period - Shot by Nazem Kadri. 6:52 of 1st period - Shot Misses the Net. 6:54 of 1st period - Shot by Alex Tuch. 6:54 of 1st period - Stopped by Robin Lehner without a rebound. 6:55 of 1st period - Evgeny Kuznetsov wins face-off versus Nick Cousins in ANAHEIM OUTLAWS zone. 7:10 of 1st period - Shot by Craig Smith. 7:10 of 1st period - Stopped by Robin Lehner without a rebound. 7:11 of 1st period - Jeff Skinner wins face-off versus Nazem Kadri in ANAHEIM OUTLAWS zone. 7:18 of 1st period - Shot by Zach Parise. 7:18 of 1st period - Stopped by Ilya Samsonov without a rebound. 7:19 of 1st period - Nazem Kadri wins face-off versus Evgeny Kuznetsov in BANFF WOLVES zone. 7:19 of 1st period - Nazem Kadri is hit by Kevin Fiala. 7:27 of 1st period - Shot by Nazem Kadri. 7:27 of 1st period - Stopped by Robin Lehner without a rebound. 7:28 of 1st period - Nazem Kadri wins face-off versus Evgeny Kuznetsov in ANAHEIM OUTLAWS zone. 7:37 of 1st period - Shot by Brady Tkachuk. 7:37 of 1st period - Deflect By Alex Tuch. 7:37 of 1st period - Goal by Alex Tuch - BANFF WOLVES : 1 - ANAHEIM OUTLAWS : 0. 7:38 of 1st period - Nazem Kadri wins face-off versus Jordan Staal in neutral zone. 7:58 of 1st period - Shot by Brady Tkachuk. 7:58 of 1st period - Stopped by Robin Lehner without a rebound. 7:59 of 1st period - Evgeny Kuznetsov wins face-off versus Nick Cousins in ANAHEIM OUTLAWS zone. 8:11 of 1st period - Shot by Evgeny Kuznetsov. 8:11 of 1st period - Goal by Evgeny Kuznetsov - BANFF WOLVES : 1 - ANAHEIM OUTLAWS : 1. 8:12 of 1st period - Jeff Skinner wins face-off versus Nazem Kadri in neutral zone. 8:30 of 1st period - Off-side. 8:31 of 1st period - Jack Eichel wins face-off versus Evgeny Kuznetsov in neutral zone. 8:56 of 1st period - Shot by Sam Bennett. 8:56 of 1st period - Stopped by Ilya Samsonov without a rebound. 8:57 of 1st period - Jordan Staal wins face-off versus Phillip DiGiuseppe in BANFF WOLVES zone. 9:12 of 1st period - Mathew Dumba is hit by Jordan Staal. 9:39 of 1st period - Shot by Jordan Staal. 9:39 of 1st period - Stopped by Ilya Samsonov without a rebound. 9:40 of 1st period - Nazem Kadri wins face-off versus Evgeny Kuznetsov in BANFF WOLVES zone. 9:52 of 1st period - Icing by Noah Hanifin. 9:53 of 1st period - Evgeny Kuznetsov wins face-off versus Jack Eichel in ANAHEIM OUTLAWS zone. 10:08 of 1st period - Shot by Kevin Fiala. 10:08 of 1st period - Shot Blocked by Philippe Myers. 10:21 of 1st period - Evgeny Kuznetsov is hit by Brandon Carlo. 10:28 of 1st period - Icing by Philippe Myers. 10:29 of 1st period - Jack Eichel wins face-off versus Jeff Skinner in BANFF WOLVES zone. 11:19 of 1st period - Off-side. 11:20 of 1st period - Michael Bunting wins face-off versus Nick Cousins in neutral zone. 11:23 of 1st period - Shot by Jordan Staal. 11:23 of 1st period - Shot Blocked by Craig Smith. 11:25 of 1st period - Shot by Jordan Staal. 11:25 of 1st period - Stopped by Ilya Samsonov without a rebound. 11:26 of 1st period - Nick Cousins wins face-off versus Evgeny Kuznetsov in BANFF WOLVES zone. 11:33 of 1st period - Shot by Evgeny Kuznetsov. 11:33 of 1st period - Stopped by Ilya Samsonov without a rebound. 11:34 of 1st period - Nazem Kadri wins face-off versus Evgeny Kuznetsov in BANFF WOLVES zone. 12:11 of 1st period - Shot by Sam Bennett. 12:11 of 1st period - Stopped by Ilya Samsonov without a rebound. 12:12 of 1st period - Jordan Staal wins face-off versus Nick Cousins in BANFF WOLVES zone. 12:15 of 1st period - Shot by Kasperi Kapanen. 12:15 of 1st period - Stopped by Ilya Samsonov with a rebound. 12:35 of 1st period - Shot by Craig Smith. 12:35 of 1st period - Stopped by Robin Lehner without a rebound. 12:36 of 1st period - Jack Eichel wins face-off versus Adrian Kempe in ANAHEIM OUTLAWS zone. 13:00 of 1st period - Shot by Mats Zuccarello. 13:00 of 1st period - Stopped by Robin Lehner with a rebound. 13:02 of 1st period - Shot by Mats Zuccarello. 13:02 of 1st period - Shot Misses the Net. 13:04 of 1st period - Shot by Mats Zuccarello. 13:04 of 1st period - Stopped by Robin Lehner with a rebound. 13:06 of 1st period - Shot by Jack Eichel. 13:06 of 1st period - Shot Misses the Net. 13:30 of 1st period - Shot by Nazem Kadri. 13:30 of 1st period - Stopped by Robin Lehner with a rebound. 13:46 of 1st period - Shot by Alex Tuch. 13:46 of 1st period - Stopped by Robin Lehner without a rebound. 13:47 of 1st period - Evgeny Kuznetsov wins face-off versus Nick Cousins in ANAHEIM OUTLAWS zone. 15:38 of 1st period - Shot by Michael Bunting. 15:38 of 1st period - Shot Misses the Net. 15:47 of 1st period - Icing by Mathew Dumba. 15:48 of 1st period - Jeff Skinner wins face-off versus Nazem Kadri in BANFF WOLVES zone. 16:12 of 1st period - Icing by Mathew Dumba. 16:13 of 1st period - Nazem Kadri wins face-off versus Adrian Kempe in BANFF WOLVES zone. 16:48 of 1st period - Shot by Tanner Kero. 16:48 of 1st period - Shot Misses the Net. 16:50 of 1st period - Shot by Logan O'Connor. 16:50 of 1st period - Shot Misses the Net. 17:12 of 1st period - Icing by Morgan Rielly. 17:13 of 1st period - Mats Zuccarello wins face-off versus Adrian Kempe in ANAHEIM OUTLAWS zone. 17:28 of 1st period - Shot by Jack Eichel. 17:28 of 1st period - Shot Misses the Net. 17:32 of 1st period - Shot by Jack Eichel. 17:32 of 1st period - Shot Misses the Net. 17:34 of 1st period - Shot by Brandon Carlo. 17:34 of 1st period - Shot Misses the Net. 17:36 of 1st period - Shot by Mats Zuccarello. 17:36 of 1st period - Shot Misses the Net. 17:38 of 1st period - Shot by Jack Eichel. 17:38 of 1st period - Shot Blocked by Noah Hanifin. 17:40 of 1st period - Shot by Kevin Labanc. 17:40 of 1st period - Stopped by Robin Lehner with a rebound. 17:42 of 1st period - Shot by Jack Eichel. 17:42 of 1st period - Stopped by Robin Lehner without a rebound. 17:43 of 1st period - Craig Smith wins face-off versus Evgeny Kuznetsov in ANAHEIM OUTLAWS zone. 17:43 of 1st period - Nick Cousins is hit by Henri Jokiharju and loses puck. 18:31 of 1st period - Ryan Suter is hit by Thomas Hickey and loses puck. 18:39 of 1st period - Icing by Kevin Fiala. 18:40 of 1st period - Evgeny Kuznetsov wins face-off versus Jack Eichel in ANAHEIM OUTLAWS zone. 19:11 of 1st period - Off-side. 19:12 of 1st period - Jeff Skinner wins face-off versus Tanner Kero in neutral zone. 19:46 of 1st period - Shot by Jeff Skinner. 19:46 of 1st period - Shot Misses the Net. Goals for this period are 1 for BANFF WOLVES vs 1 for ANAHEIM OUTLAWS. Shots for this period are 14 for BANFF WOLVES vs 9 for ANAHEIM OUTLAWS. 2nd period 0:01 of 2nd period - Jordan Staal wins face-off versus Nick Cousins in neutral zone. 0:42 of 2nd period - Jordan Staal is hit by Esa Lindell and loses puck. 0:48 of 2nd period - Ryan Suter is hit by Jordan Staal and loses puck. 1:07 of 2nd period - Shot by Jack Eichel. 1:07 of 2nd period - Stopped by Robin Lehner without a rebound. 1:08 of 2nd period - Nazem Kadri wins face-off versus Evgeny Kuznetsov in ANAHEIM OUTLAWS zone. 1:33 of 2nd period - Shot by Alex Tuch. 1:33 of 2nd period - Stopped by Robin Lehner with a rebound. 2:20 of 2nd period - Shot by Jack Eichel. 2:20 of 2nd period - Stopped by Robin Lehner without a rebound. 2:21 of 2nd period - Adrian Kempe wins face-off versus Tanner Kero in ANAHEIM OUTLAWS zone. 2:21 of 2nd period - Adrian Kempe is hit by Joel Kiviranta. 2:33 of 2nd period - Icing by Esa Lindell. 2:34 of 2nd period - Jordan Staal wins face-off versus Logan O'Connor in BANFF WOLVES zone. 2:57 of 2nd period - Nikolai Knyzhov is hit by Esa Lindell and loses puck. 3:04 of 2nd period - Shot by Jordan Staal. 3:04 of 2nd period - Goal by Jordan Staal - BANFF WOLVES : 1 - ANAHEIM OUTLAWS : 2. 3:05 of 2nd period - Adrian Kempe wins face-off versus Jack Eichel in neutral zone. 4:09 of 2nd period - Shot by Craig Smith. 4:09 of 2nd period - Stopped by Robin Lehner without a rebound. 4:10 of 2nd period - Evgeny Kuznetsov wins face-off versus Nazem Kadri in ANAHEIM OUTLAWS zone. 4:10 of 2nd period - Sam Bennett is hit by Brady Tkachuk and loses puck. 4:23 of 2nd period - Brandon Carlo is hit by Sam Bennett and loses puck. 4:33 of 2nd period - Kevin Fiala is hit by Brandon Carlo and loses puck. 4:42 of 2nd period - Shot by Sam Bennett. 4:42 of 2nd period - Shot Misses the Net. 5:10 of 2nd period - Shot by Michael Bunting. 5:10 of 2nd period - Deflect By Jordan Staal. 5:10 of 2nd period - Shot Blocked by Brady Tkachuk. 5:18 of 2nd period - Shot by Jordan Staal. 5:18 of 2nd period - Shot Blocked by Philippe Myers. 5:38 of 2nd period - Craig Smith is hit by Nikolai Knyzhov. 5:45 of 2nd period - Icing by Ryan Suter. 5:46 of 2nd period - Jeff Skinner wins face-off versus Nick Cousins in BANFF WOLVES zone. 6:25 of 2nd period - Off-side. 6:26 of 2nd period - Evgeny Kuznetsov wins face-off versus Jack Eichel in neutral zone. 6:34 of 2nd period - Minor Penalty to Mathew Dumba for Roughing. 6:35 of 2nd period - Nazem Kadri wins face-off versus Jordan Staal in BANFF WOLVES zone. 6:35 of 2nd period - Logan O'Connor is hit by Sam Bennett and loses puck. 6:47 of 2nd period - Off-side. 6:48 of 2nd period - Nazem Kadri wins face-off versus Pius Suter in neutral zone. 7:46 of 2nd period - Shot by Nazem Kadri. 7:46 of 2nd period - Shot Blocked by Noah Hanifin. 7:48 of 2nd period - Shot by Nazem Kadri. 7:48 of 2nd period - Shot Misses the Net. 7:55 of 2nd period - Icing by Haydn Fleury. 7:56 of 2nd period - Pius Suter wins face-off versus Mats Zuccarello in ANAHEIM OUTLAWS zone. 7:56 of 2nd period - Zach Parise is hit by Mats Zuccarello and loses puck